 Dungeon Crawl Stone Soup version 0.27-a0-1202-ge72e49191c (webtiles) character file.

Game seed: 10668266208084137016

123 Delamore the Skirmisher (level 5, -2/43 HPs)
             Began as a Formicid Fighter on June 2, 2021.
             Was a Follower of Dithmenos.
             Killed from afar by a steam dragon (15 damage)
             ... with a ball of steam
             ... on level 4 of the Dungeon.
             The game lasted 00:03:27 (2814 turns).

Delamore the Skirmisher (Formicid Fighter)          Turns: 2814, Time: 00:03:28

Health: -2/43      AC:  6    Str: 22    XL:     5   Next: 28%
Magic:  5/5        EV:  8    Int:  7    God:    Dithmenos [*.....]
Gold:   83         SH: 10    Dex: 10    Spells: 4/4 levels left

rFire    . . .     SeeInvis +   a - +1 trident (freeze)
rCold    . . .     Faith    .   c - +1 kite shield
rNeg     . . .     Spirit   .   b - +0 scale mail
rPois    .         Reflect  .   (helmet unavailable)
rElec    .         Harm     .   (no cloak)
rCorr    .         Rampage  .   (no gloves)
Will     .....                  (no boots)
Stlth    ..........             (no amulet)
HPRegen  0.14/turn              (no ring)
MPRegen  0.09/turn              (no ring)

@: wreathed by umbra
A: permanent stasis, dig shafts and tunnels, antennae 3, four strong arms
a: Dig, Shaft Self, Renounce Religion


You were on level 4 of the Dungeon.
You worshipped Dithmenos.
Dithmenos was aware of your devotion.
You visited 1 branch of the dungeon, and saw 4 of its levels.

You collected 83 gold pieces.

Inventory:

Hand Weapons
 a - a +1 trident of freezing (weapon)
Missiles
 n - 2 poisoned darts
Armour
 b - a +0 scale mail (worn)
 c - a +1 kite shield (worn)
Wands
 g - a wand of flame (21)
Potions
 d - a potion of might
 e - 2 potions of haste
 f - 2 potions of curing {unknown}
 h - a potion of berserk rage {unknown}
 i - 2 potions of brilliance {unknown}
 l - a potion of lignification {unknown}


   Skills:
 + Level 4.3 Fighting
 * Level 4.3 Polearms
 - Level 3.2 Armour
 - Level 3.6 Shields


You had 4 spell levels left.
You didn't know any spells.
Your spell library was empty.

Dungeon Overview and Level Annotations

Branches:
Dungeon (4/15)
 Temple: D:4-7

Altars:
Dithmenos
Ru
Zin

Shops:
D:3 (


Innate Abilities, Weirdness & Mutations

You cannot be hasted, slowed, berserked, paralysed or teleported.
You can dig through walls and to a lower floor.
You have a pair of large antennae on your head. (SInv)
Your four strong arms can wield two-handed weapons with a shield.


Message History

A steam dragon comes into view.
The steam dragon hisses angrily.
Found a dagger.
A steam dragon is nearby!
A steam dragon is nearby!
Aiming: Throw Flame
Press: ? - help, Shift-Dir - straight line, f - steam dragon
Aim: a steam dragon (68% to hit)
Okay, then.
Found a stone staircase leading down.
Reach: a) +1 trident (freeze)
Press: ? - help, Dir - move target, f - steam dragon
Aim: a steam dragon (umbra, about 40% to evade your +1 trident of freezing)
You reach to attack!
You hit the steam dragon but do no damage.
You puncture the steam dragon! You freeze the steam dragon.
The steam dragon is heavily wounded.
The steam dragon breathes steam at you. The ball of steam hits you!
You hit the steam dragon. You freeze the steam dragon.
The steam dragon is severely wounded.
You are engulfed in a cloud of scalding steam.
The steam dragon bites you! You block the steam dragon's attack.
You closely miss the steam dragon.
The steam dragon is severely wounded.
You are engulfed in a cloud of scalding steam.
You block the steam dragon's attack. The steam dragon closely misses you.
The steam dragon bites you but does no damage.
The steam dragon claws you.
You hit the steam dragon but do no damage.
The steam dragon is severely wounded.
You are engulfed in a cloud of scalding steam.
The steam dragon closely misses you.
The steam dragon claws you but does no damage.
Okay, then.
You hit the steam dragon but do no damage.
The steam dragon is severely wounded.
The steam dragon breathes steam at you. The ball of steam hits you!
You die...

.##.................(.
....#................
#P......#..#..........
......................
..>...#......#........
§....)..............
..................
..#......#...)....
......§...@D......
....#.§#.......$..
......§...........
#........##.#....♣
##.......# .##.)P≈
......... .. .♣≈≈
..###.... .#. . . ....
>...


P You could see a steam dragon (catching breath).

Vanquished Creatures
  An orc wizard (D:3)
  3 adders
  3 dart slugs
  4 orcs (D:4)
  3 ball pythons (D:1)
  5 bats
  6 endoplasms
  A giant cockroach (D:3)
  A hobgoblin (D:2)
  10 jackals (D:1)
  2 quokkas
  3 frilled lizards
  6 goblins
  4 kobolds
  7 rats
59 creatures vanquished.

Notes
Turn   | Place    | Note
-------+----------+-------------------------------------------
     0 | D:1      | Delamore the Formicid Fighter began the quest for the Orb.
     0 | D:1      | Reached XP level 1. HP: 18/18 MP: 1/1
     0 | D:1      | Noticed an orb of fire
     3 | D:1      | Noticed a large abomination
     3 | D:1      | Noticed an orb of fire
     6 | D:1      | Noticed a shadow dragon
     7 | D:1      | Noticed a shadow dragon
    10 | D:1      | Noticed a tentacled monstrosity
    12 | D:1      | Noticed a large abomination
    15 | D:1      | Noticed an orb of fire
    17 | D:1      | Noticed a golden dragon
    17 | D:1      | Noticed a red draconian
    19 | D:1      | Noticed an orb of fire
    19 | D:1      | Noticed an ice dragon
   152 | D:1      | Reached XP level 2. HP: 24/24 MP: 2/2
   415 | D:1      | Reached XP level 3. HP: 30/30 MP: 3/3
   871 | D:2      | Found a faded altar of an unknown god.
   880 | D:2      | Became a worshipper of Dithmenos the Shadowed
   880 | D:2      | Reached * piety under Dithmenos
  1063 | D:2      | Reached XP level 4. HP: 36/37 MP: 4/4
  1096 | D:2      | Found a sacrificial altar of Ru.
  1951 | D:3      | Found a glowing silver altar of Zin.
  2265 | D:3      | Found Ceryrghycw's Weapon Shop.
  2694 | D:3      | Reached XP level 5. HP: 40/43 MP: 5/5
  2806 | D:4      | Noticed a steam dragon
  2814 | D:4      | Killed from afar by a steam dragon

Illustrated notes

Levels and vault maps discovered:
D:1:      shiori_arrival_whats_in_store_for_you, layout_rooms,
          minmay_misc_feat_tower
D:2:      cheibrodos_old_hovel, layout_basic, shapermc_ecumenical_altar_venn,
          basic_altar
D:3:      layout_loops_corners, zin_academy, serial_shops, shop
D:4:      layout_cave_pools, hangedman_ru_absence,
          nicolae_hepliaklqana_hazy_memory, minmay_misc_feat_plants,
          serial_bayou_lagoon_b

Skill      XL: |  1  2  3  4 |
---------------+-------------+-----
Polearms       | 3 4 |  4.3
Fighting       | 4 |  4.3
Armour         | |  3.2
Shields        | |  3.6

Action                   |  1- 3 |  4- 6 || total
-------------------------+-------+-------++-------
Melee: Trident           |    90 |    72 ||   162
  Use: Scroll            |     2 |     6 ||     8
Armor: Scale mail        |    42 |    23 ||    65
Dodge: Dodged            |    37 |    18 ||    55
Block: Kite shield       |    44 |    32 ||    76

Table legend: (Time is in decaauts)
 A = Elapsed time spent in this place.
 B = Non-inter-level travel time spent in this place.
 C = Inter-level travel time spent in this place.
 D = Time resting spent in this place.
 E = Time spent auto-exploring this place.
 F = Levels seen in this place.
 G = Mean time per level.
                   A        B        C        D        E       F      G
               +--------+--------+--------+--------+--------+-----+--------+
         Total |   2866 |   2749 |    117 |      7 |   2308 |   4 |  716.5 |
       Dungeon |   2866 |   2749 |    117 |      7 |   2308 |   4 |  716.5 |
               +--------+--------+--------+--------+--------+-----+--------+

Top non-repeatable levels by time:
     D:3: 1005 daAuts
     D:1: 889 daAuts
     D:2: 845 daAuts
     D:4: 125 daAuts
